 Dungeon Crawl Stone Soup version 0.32-a0-841-g4648e6c (webtiles) character file.

Game seed: 6842750534713348710

592 Dorkslayer the Sneak (level 7, 0/48 HPs)
             Began as an Octopode Fighter on Mar 26, 2024.
             Slain by an orc wizard
             ... wielding a +0 dagger
              (3 damage)
             ... on level 5 of the Dungeon.
             The game lasted 00:07:03 (3795 turns).

Dorkslayer the Sneak (Octopode Fighter)             Turns: 3795, Time: 00:07:04

Health: 0/48       AC:  1    Str: 17    XL:     7   Next: 39%
Magic:  7/7        EV: 12    Int: 10    God:
Gold:   296        SH:  5    Dex: 12    Spells: 6/6 levels left

rFire   . . .        a - +4 war axe (chaos)
rCold   . . .        b - +1 buckler
rNeg    . . .        (helmet restricted)
rPois   .            (no amulet)
rElec   .            (no ring)
rCorr   .            (no ring)
SInv    .            (no ring)
Will    .....        (no ring)
Stlth   ++++         (no ring)
HPRegen 0.28/turn    (no ring)
MPRegen 0.10/turn    (no ring)
                     (no ring)

%: no passive effects
@: no status effects
A: almost no armour, amphibious, 8 rings, camouflage 1, gelatinous body 1,
(nimble swimmer 1), tentacles
a: no special abilities


You were on level 5 of the Dungeon.
You visited 1 branch of the dungeon, and saw 5 of its levels.

You collected 296 gold pieces.

Inventory:

Hand Weapons
 a - a +4 war axe of chaos (weapon)
 s - a +0 war axe
Missiles
 u - a boomerang (quivered)
Armour
 b - a +1 buckler (worn)
Jewellery
 t - an amulet of regeneration
Wands
 l - a wand of polymorph (8)
 v - a wand of iceblast (5)
Scrolls
 f - a scroll of revelation
 k - 4 scrolls of teleportation
 p - a scroll of blinking {unknown}
 q - a scroll of fog {unknown}
Potions
 c - a potion of might
 d - a potion of degeneration {unknown}
 e - a potion of curing
 g - 2 potions of attraction {unknown}
 h - 2 potions of haste
 i - 2 potions of mutation {unknown}
 j - a potion of cancellation
 m - a potion of magic
 n - a potion of lignification {unknown}
 o - 3 potions of enlightenment {unknown}
 r - a potion of ambrosia {unknown}


   Skills:
 + Level 4.2 Fighting
 + Level 5.2 Axes
 + Level 3.8 Dodging
 + Level 5.4 Stealth
 + Level 3.5 Shields


You had 6 spell levels left.
You didn't know any spells.
Your spell library contained the following spells:

 Spells                   Type           Power      Damage    Failure   Level
 Cigotuvi's Dreadful Rot  Necr/Alch/Air  0%         N/A       58%         2
 Dispel Undead            Necr           0%         3d6       99%         4
 Martyr's Knell           Necr/Summ      0%         N/A       99%         4


Dungeon Overview and Level Annotations

Branches:
Dungeon (5/15)
 Temple: D:4-7

Altars:

Shops:
D:2 =   D:3 (


Innate Abilities, Weirdness & Mutations

You cannot wear most types of armour.
You are amphibious.
You can wear up to eight rings at the same time.
Your skin changes colour to match your surroundings (Stealth+).
Your rubbery body absorbs attacks. (AC +1, EV +1)
((You are camouflaged when in or above water. (Stealth+)))
You have tentacles for arms and can constrict up to eight enemies at once.


Message History

You are confused.
The orc barely misses you.
You closely miss the orc. You barely miss the hound.
The hound closely misses you. The orc hits you with a +0 mace!
You bump into the rock wall.
The hound bites you. The hound barely misses you. The orc closely misses you.
You hit the orc but do no damage. You miss the hound.
The hound closely misses you. The orc hits you with a +0 mace.
The hound closely misses you.
You barely miss the orc. You hit the hound. You drain the hound.
You closely miss the orc. The hound bites you. The orc hits you with a +0 mace.
The hound bites you. The orc hits you with a +0 club.
Unknown command.
You bump into the rock wall.
The orc closely misses you.
The orc wizard hits you with a +0 dagger.
The orc hits you but does no damage. The hound barely misses you.
The orc hits you with a +0 club.
Unknown command.
You barely miss the orc. You closely miss the orc.
You closely miss the orc wizard. You barely miss the hound.
You barely miss the orc.
You feel less confused. The hound bites you. The orc hits you with a +0 dagger.
The orc wizard hits you with a +0 dagger.
* * * LOW HITPOINT WARNING * * *
The orc hits you with a +0 mace.
* * * LOW HITPOINT WARNING * * *
You block the hound's attack. The orc barely misses you.
The orc hits you with a +0 dagger.
* * * LOW HITPOINT WARNING * * *
The orc wizard closely misses you. The orc hits you with a +0 mace.
* * * LOW HITPOINT WARNING * * *
You feel better. The hound bites you.
* * * LOW HITPOINT WARNING * * *
You block the orc's attack. The hound bites you.
* * * LOW HITPOINT WARNING * * *
The orc hits you with a +0 mace.
* * * LOW HITPOINT WARNING * * *
The orc wizard hits you with a +0 dagger.
You die...

#########
###........
#..........
#.<........
##oo.......
#@h......#
#oo......+
##.......#
#........
##.......
.......
.....##
#..###


You could see a hound (very drained), an orc wizard and 3 orcs.

Vanquished Creatures
  Menkaure (D:4)
  2 scorpions (D:3)
  A bombardier beetle (D:3)
  A hound (D:4)
  Crazy Yiuf (D:4)
  2 orc priests (D:3)
  Jessica (D:2)
  Ijyb (D:4)
  An iguana (D:4)
  5 adders
  2 ribbon worms
  4 orcs (D:3)
  8 ball pythons
  6 bats
  8 endoplasms
  8 giant cockroaches
  8 hobgoblins
  9 kobolds
  A quokka (D:2)
  3 frilled lizards
  4 goblins
  7 rats
84 creatures vanquished.

Notes
Turn   | Place    | Note
-------+----------+-------------------------------------------
     0 | D:1      | Dorkslayer the Octopode Fighter began the quest for the
                  | Orb.
     0 | D:1      | Reached XP level 1. HP: 16/16 MP: 1/1
    73 | D:1      | Reached XP level 2. HP: 19/21 MP: 2/2
   484 | D:1      | Reached XP level 3. HP: 26/26 MP: 3/3
   703 | D:2      | Noticed Jessica
   705 | D:2      | Killed Jessica
   706 | D:2      | Reached skill level 1 in Stealth
   832 | D:2      | Reached XP level 4. HP: 31/32 MP: 4/4
  1122 | D:2      | Found Vappexa's Jewellery Emporium.
  1588 | D:3      | Noticed a scorpion
  1598 | D:3      | Killed a scorpion
  1599 | D:3      | Reached XP level 5. HP: 30/37 MP: 5/5
  1649 | D:3      | Found a faded altar of an unknown god.
  2027 | D:3      | Reached XP level 6. HP: 19/43 MP: 6/6
  2202 | D:3      | Found Caugilyu's Weapon Shoppe.
  2472 | D:4      | Noticed Menkaure
  2594 | D:4      | Killed Menkaure
  2595 | D:4      | Reached skill level 5 in Axes
  2595 | D:4      | Reached skill level 5 in Stealth
  2595 | D:4      | Reached XP level 7. HP: 48/48 MP: 7/7
  3342 | D:4      | Found a runed translucent door.
  3343 | D:4      | Noticed Crazy Yiuf
  3348 | D:4      | Killed Crazy Yiuf
  3395 | D:4      | Noticed Ijyb
  3401 | D:4      | Killed Ijyb
  3786 | D:5      | Entered Level 5 of the Dungeon
  3795 | D:5      | Slain by an orc wizard

Illustrated notes

Levels and vault maps discovered:
D:1:      roderic_crossed_star, layout_basic, minmay_liquid_box,
          dk_noncrumbling_4
D:2:      layout_basic, serial_shops, shop_fountains, uniq_jessica
D:3:      layout_basic, serial_shops, nicolae_shop_bloodbath_and_beyond,
          hellmonk_ecumenical_altar_heavens_door
D:4:      layout_basic, uniq_crazy_yiuf_cottage, uniq_menkaure, uniq_ijyb
D:5:      layout_cave_pods, minmay_temple_entry_stoned_glass, serial_shops,
          nicolae_shop_hallway_plus, nicolae_inconvenience_store, shop,
          kennysheep_mini, uniq_sigmund, uniq_grinder

Skill      XL: |  1  2  3  4  5  6 |
---------------+-------------------+-----
Stealth        | 1 2 3 5 |  5.4
Axes           | 3 5 |  5.2
Fighting       | 4 |  4.2
Dodging        | |  3.8
Shields        | |  3.5

Action                     |  1- 3 |  4- 6 |  7- 9 || total
---------------------------+-------+-------+-------++-------
  Melee: War axe           |    47 |    77 |    20 ||   144
         Tentacles         |     7 |    13 |     4 ||    24
         Constrict         |     5 |    14 |     5 ||    24
    Use: Scroll            |       |    13 |       ||    13
         Potion            |       |       |     1 ||     1
   Stab: Sleeping          |     5 |    11 |     5 ||    21
         Distracted        |       |     1 |       ||     1
 Armour: Skin              |    30 |    23 |    25 ||    78
  Dodge: Dodged            |    29 |    30 |    14 ||    73
  Block: Buckler           |    11 |    15 |     5 ||    31

Table legend: (Time is in decaauts)
 A = Elapsed time spent in this place.
 B = Non-inter-level travel time spent in this place.
 C = Inter-level travel time spent in this place.
 D = Time resting spent in this place.
 E = Time spent auto-exploring this place.
 F = Levels seen in this place.
 G = Mean time per level.
                   A        B        C        D        E       F      G
               +--------+--------+--------+--------+--------+-----+--------+
         Total |   3849 |   3849 |      0 |     82 |   2315 |   5 |  769.8 |
       Dungeon |   3849 |   3849 |      0 |     82 |   2315 |   5 |  769.8 |
               +--------+--------+--------+--------+--------+-----+--------+

Top non-repeatable levels by time:
     D:4: 1211 daAuts
     D:3: 1068 daAuts
     D:2: 930 daAuts
     D:1: 629 daAuts
     D:5: 9 daAuts
